 Dungeon Crawl Stone Soup version 0.23.1 (webtiles) character file.

Game seed: 7807907434870739351

1474 Norn the Spear-Bearer (level 8, 0/63 HPs)
             Began as a Merfolk Skald on Mar 10, 2019.
             Slain by a killer bee (1 damage)
             ... on level 6 of the Dungeon.
             The game lasted 00:13:44 (5055 turns).

Norn the Spear-Bearer (Merfolk Skald)               Turns: 5055, Time: 00:13:44

Health: 0/63       AC:  6    Str: 11 (12) XL:     8   Next: 78%
Magic:  2/11       EV: 15    Int: 12 (14) God:
Gold:   316        SH:  0    Dex: 14 (15) Spells: 5/11 levels left

rFire    + . .     SeeInvis .   a - +0 trident
rCold    . . .     Gourm    .   (no shield)
rNeg     . . .     Faith    .   v - +2 leather armour {rF+}
rPois    .         Spirit   .   (no helmet)
rElec    .         Reflect  .   q - +0 cloak
rCorr    .         Harm     .   (no gloves)
MR       .....     Rnd*Rage +   (no boots)
Stlth    +.........             (no amulet)
HPRegen  0.20/turn              (no ring)
MPRegen  0.12/turn              (no ring)

@: lethally poisoned (0 -> -2), about to teleport, flying, very slightly
contaminated, hasted, very quick
A: change form in water, swift swim, stealthy swim, agile 1, berserk 1, blink
a: Blink


You were on level 6 of the Dungeon.
You were hungry.

You visited 1 branch of the dungeon, and saw 6 of its levels.

You collected 316 gold pieces.

Inventory:

Hand Weapons
 a - a +0 trident (weapon)
   (You took it off an orc on level 4 of the Dungeon)
 B - a +1 glaive of freezing
   (You took it off Blork the orc on level 4 of the Dungeon)
Armour
 q - a +0 cloak (worn)
   (You found it on level 2 of the Dungeon)
 u - a cursed +0 ring mail
   (You found it on level 3 of the Dungeon)
 v - a +2 leather armour of fire resistance (worn)
   (You took it off Eustachio on level 3 of the Dungeon)
 D - a +0 pair of boots
   (You found it on level 5 of the Dungeon)
Wands
 t - a wand of flame (15)
   (You found it on level 2 of the Dungeon)
 G - a wand of clouds (5)
   (You found it on level 6 of the Dungeon)
Scrolls
 b - a scroll of fear {unknown}
 c - a scroll of noise {unknown}
 d - a scroll of immolation {unknown}
 h - a scroll of enchant armour {unknown}
 j - a scroll of amnesia
 m - 3 scrolls of remove curse {@r2}
 n - a scroll of teleportation {@r4}
 p - 4 scrolls of identify {@r1}
 r - a scroll of magic mapping {unknown}
 y - a scroll of enchant weapon {unknown}
Potions
 f - a potion of might {unknown}
 g - 3 potions of flight
 i - a potion of agility {unknown}
 k - 3 potions of degeneration {!q}
 o - a potion of mutation {!q}
 s - a potion of ambrosia {unknown}
 x - a potion of cancellation {unknown}
 z - a potion of resistance {unknown}
 A - a potion of berserk rage {unknown}
 C - a potion of heal wounds {unknown}
 F - a potion of brilliance
Comestibles
 e - 15 rations {!d}
 E - 6 chunks of flesh


   Skills:
 + Level 5.5 Fighting
 * Level 10.0 Polearms
 - Level 0.6 Armour
 + Level 6.6 Dodging
 - Level 2.0 Spellcasting
 + Level 3.8 Hexes
 - Level 4.1 Charms


You had 5 spell levels left.
You knew the following spells:

 Your Spells              Type           Power        Failure   Level  Hunger
a - Infusion              Chrm           ##..         7%          1    ##.....
q - Shroud of Golubria    Chrm/Tloc      #.........   24%         2    ###....
t - Spectral Weapon       Hex/Chrm       ##......     21%         3    ####...

Your spell library contained the following spells:

 Spells                   Type           Power        Failure   Level  Hunger
 Song of Slaying          Chrm           ##......     10%         2    ###....
 Regeneration             Chrm/Necr      #.........   43%         3    ####...


Dungeon Overview and Level Annotations

Branches:
Dungeon (6/15)
 Temple: D:4-7

Altars:
Elyvilon
Makhleb
Nemelex Xobeh
Qazlal
Ru

Annotations:
D:4 1 runed translucent door, 1994's ghost, amateur OpIE


Innate Abilities, Weirdness & Mutations

You revert to your normal form in water You are very nimble and swift while swimming.
You are very stealthy in the water. (Stealth+)
You are agile. (Dex +2)
You tend to lose your temper in combat.
You can translocate small distances at will.


Message History

It was a potion of degeneration.
There was something very wrong with that liquid.
You feel weakened.
You feel dopey.
You feel clumsy.
* * * LOW HITPOINT WARNING * * *
You feel sick. The killer bee misses you. The killer bee completely misses you.
It was a potion of flight.
You feel very buoyant.
You fly up into the air.
* * * LOW HITPOINT WARNING * * *
You feel sick. The killer bee closely misses you.
The killer bee barely misses you.
It was a potion of mutation.
You feel extremely strange.
You feel a little pissed off.
You feel jittery.
You feel agile.
* * * LOW HITPOINT WARNING * * *
You feel sick. The killer bee barely misses you. The killer bee stings you.
* * * LOW HITPOINT WARNING * * *
You are more poisoned.
The killer bee poisons you!
It was a potion of curing.
You feel better. The killer bee stings you.
* * * LOW HITPOINT WARNING * * *
You are poisoned.
The killer bee poisons you! The killer bee stings you.
* * * LOW HITPOINT WARNING * * *
As you read the scroll labeled MIPARYEHEU, it crumbles to dust.
It is a scroll of identify.
F - a potion of brilliance
* * * LOW HITPOINT WARNING * * *
You feel sick. The killer bee completely misses you.
The killer bee stings you but does no damage.
You feel better.
The killer bee stings you but does no damage.
The killer bee misses you.
As you read the scroll labeled WAESCH YCEARYDA, it crumbles to dust.
You feel blessed for a moment.
It was a scroll of remove curse.
The killer bee stings you.
* * * LOW HITPOINT WARNING * * *
You are poisoned.
The killer bee poisons you! The killer bee barely misses you.
Okay, then.
As you read the scroll labeled EXULAUCSEB, it crumbles to dust.
It is a scroll of amnesia.
Okay, then.
You feel sick. The killer bee barely misses you. x2
As you read the scroll labeled HEXKARUORO, it crumbles to dust.
You feel strangely unstable.
It was a scroll of teleportation.
You feel sick. The killer bee barely misses you. The killer bee stings you.
* * * LOW HITPOINT WARNING * * *
It was a potion of haste.
You feel yourself speed up. The killer bee misses you.
The killer bee stings you.
You die...

#.####.# ... #.#
#.###'##### #.#
#)##†.....# #.#
#..#......# #.#
##.#......# #.#
#.#......# #.#
#.#.y....# #.#
#.##y##### #.#
#..#@#
####'######.#.#
#.......###.#.####
#.......'........#
#.......###...##.#
#.......# ##(.##.#
######### #..##.#
##.##.#
######.##)#


You could see 2 killer bees.

Vanquished Creatures
  Eustachio (D:3)
  Menkaure (D:5)
  A phantom (D:3)
  A sky beast (D:5)
  An ogre (D:6)
  An ice beast (D:3)
  A necrophage (D:6)
  2 centaurs (D:5)
  Blork the orc (D:4)
  A scorpion (D:4)
  2 killer bees (D:6)
  A howler monkey (D:6)
  An orc priest (D:6)
  3 orc wizards
  Natasha (twice) (D:3)
  A worker ant (D:4)
  A hound skeleton (D:6)
  A worker ant zombie (D:5)
  3 adders
  4 gnolls (D:3)
  2 oozes
  An adder skeleton (D:6)
  3 worms
  2 dart slugs
  3 leopard geckos
  13 orcs
  7 giant cockroaches
  4 goblins
  9 hobgoblins
  6 jackals
  8 bats
  2 frilled lizards (D:2)
  5 kobolds
  A quokka skeleton (D:4)
  A rat (D:1)
97 creatures vanquished.

Vanquished Creatures (others)
  2 spectral weapons
2 creatures vanquished.

Grand Total: 99 creatures vanquished

Notes
Turn   | Place    | Note
-------+----------+-------------------------------------------
     0 | D:1      | Norn the Merfolk Skald began the quest for the Orb.
     0 | D:1      | Reached XP level 1. HP: 16/16 MP: 3/3
   144 | D:1      | Reached XP level 2. HP: 18/23 MP: 0/5
   478 | D:1      | Reached XP level 3. HP: 24/28 MP: 0/6
   595 | D:1      | Found a sparkling altar of Nemelex Xobeh.
   649 | D:2      | Reached skill level 4 in Polearms
   904 | D:2      | Found a sacrificial altar of Ru.
  1110 | D:3      | Noticed Natasha
  1122 | D:3      | Killed Natasha
  1122 | D:3      | Reached XP level 4. HP: 22/34 MP: 0/7
  1230 | D:3      | Learned a level 2 spell: Shroud of Golubria
  1234 | D:3      | Learned a level 3 spell: Spectral Weapon
  1311 | D:3      | Found a faded altar of an unknown god.
  1510 | D:3      | Noticed Natasha
  1510 | D:3      | Noticed a phantom
  1564 | D:3      | Killed a phantom
  1564 | D:3      | Reached skill level 5 in Polearms
  1564 | D:3      | Reached XP level 5. HP: 21/41 MP: 1/8
  1715 | D:3      | Killed Natasha
  1869 | D:3      | Reached skill level 6 in Polearms
  1869 | D:3      | Reached XP level 6. HP: 40/47 MP: 0/9
  2048 | D:3      | Noticed an ice beast
  2059 | D:3      | Killed an ice beast
  2059 | D:3      | Reached skill level 1 in Hexes
  2618 | D:4      | Noticed Eustachio
  2927 | D:3      | Killed Eustachio
  2927 | D:3      | Reached skill level 7 in Polearms
  2927 | D:3      | Reached skill level 5 in Dodging
  2927 | D:3      | Reached XP level 7. HP: 25/54 MP: 4/10
  3254 | D:4      | Found a runed translucent door.
  3257 | D:4      | Noticed 1994's ghost (amateur OpIE)
  3266 | D:4      | Found a stormy altar of Qazlal.
  3317 | D:4      | Noticed Blork the orc
  3328 | D:4      | Killed Blork the orc
  3481 | D:5      | Entered Level 5 of the Dungeon
  3486 | D:5      | Reached skill level 8 in Polearms
  3679 | D:5      | Reached XP level 8. HP: 37/61 MP: 8/11
  3825 | D:5      | Noticed Menkaure
  3834 | D:5      | Killed Menkaure
  4023 | D:5      | Found a sparkling altar of Nemelex Xobeh.
  4023 | D:5      | Found a white marble altar of Elyvilon.
  4143 | D:5      | Reached skill level 5 in Fighting
  4143 | D:5      | Reached skill level 9 in Polearms
  4944 | D:6      | Found a burning altar of Makhleb.
  5042 | D:6      | Reached skill level 10 in Polearms
  5048 | D:6      | Gained mutation: You tend to lose your temper in combat.
                  | [potion of mutation]
  5048 | D:6      | Gained mutation: You can translocate small distances at
                  | will. [potion of mutation]
  5048 | D:6      | Gained mutation: You are agile. (Dex +2) [potion of
                  | mutation]
  5054 | D:6      | HP: 1/63 [killer bee (3)]
  5055 | D:6      | Slain by a killer bee

Skill      XL: |  1  2  3  4  5  6  7  8 |
---------------+-------------------------+-----
Dodging        | 3 4 5 6 |  6.6
Polearms       | 4 5 6 7 8 10 | 10.0
Fighting       | 3 4 5 |  5.5
Charms         | 4 |  4.1
Hexes          | 1 2 3 |  3.8
Armour         | |  0.6
Spellcasting   | |  2.0

Action                   |  1- 3 |  4- 6 |  7- 9 || total
-------------------------+-------+-------+-------++-------
Melee: Spear             |   127 |   141 |    11 ||   279
       Trident           |       |       |   122 ||   122
 Cast: Infusion          |    18 |     9 |     1 ||    28
       Spectral Weapon   |       |    10 |    18 ||    28
       Shroud of Golubri |       |     3 |     1 ||     4
Evoke: Wand              |       |     3 |       ||     3
  Use: Potion            |       |       |     6 ||     6
       Scroll            |       |       |     4 ||     4
 Stab: Sleeping          |     2 |       |     1 ||     3
       Distracted        |       |     1 |     2 ||     3
  Eat: Chunk             |     1 |     6 |    11 ||    18
Armor: Leather armour    |    15 |    37 |    26 ||    78
Dodge: Dodged            |    57 |   129 |    83 ||   269
